 Dungeon Crawl Stone Soup version 0.29.1-1-gd02db6906a (webtiles) character file.

Game seed: 5229973440679228204

143033 RogueRain17 the Convoker (level 16, -5/98 HPs)
             Began as a Demonspawn Summoner on Sept 26, 2022.
             Was an Elder of Hepliaklqana.
             Killed from afar by a shock serpent (11 damage)
             ... with a bolt of electricity
             ... on level 4 of the Snake Pit.
             The game lasted 03:46:38 (36105 turns).

RogueRain17 the Convoker (Demonspawn Summoner)     Turns: 36105, Time: 03:46:39

Health: -5/98      AC: 11    Str:  9    XL:     16   Next: 81%
Magic:  0/23       EV: 24    Int: 24    God:    Hepliaklqana [****..]
Gold:   2211       SH:  4    Dex: 22    Spells: 0/25 levels left

rFire   + . .      SeeInvis +   k - +9 long sword of Piasaox {flame, rPois Stlth+}
rCold   + . .      Faith    .   (no shield)
rNeg    . . .      Spirit   +   V - +4 steam dragon scales
rPois   +          Reflect  .   (helmet unavailable)
rElec   .          Harm     .   A - scarf {repulsion}
rCorr   .          Rampage  .   (no gloves)
Will    +....                   (no boots)
Stlth   +++.......              h - amulet of the Heavens {Spirit Fly rF+ Dex+2}
HPRegen 0.26/turn               m - ring of protection from cold
MPRegen 0.18/turn               Y - +6 ring of dexterity

@: about to teleport, weakened, flying, studying Long Blades, repel missiles
A: reduced essence, antennae 3, slimy green scales 1, powered by death 2,
condensation shield
a: Renounce Religion, Recall Ancestor, Ancestor Identity, Transference, Idealise


You were on level 4 of the Snake Pit.
You worshipped Hepliaklqana.
Hepliaklqana was greatly pleased with you.
You visited 5 branches of the dungeon, and saw 27 of its levels.
You also visited: Ossuary.

You collected 3250 gold pieces.
You spent 1039 gold pieces at shops.

Inventory:

Hand Weapons
 k - the +9 long sword of Piasaox (weapon) {flame, rPois Stlth+}
   (You found it on level 2 of the Dungeon)

   It burns those it strikes, dealing additional fire damage.
   Big, fiery blades are also staple armaments of hydra-hunters.
   rPois:     It protects you from poison.
   Stlth:     It makes you more stealthy.
Missiles
 a - 3 throwing nets
Armour
 j - a +2 robe of willpower
 A - a scarf of repulsion (worn)
 K - the +2 leather armour "Jimnozxupe" {rElec rF+ Dex-2 SInv}
   (You found it on level 4 of the Snake Pit)

   Dex:       It affects your dexterity (-2).
   rF:        It protects you from fire.
   rElec:     It insulates you from electricity.
   SInv:      It lets you see invisible.
 S - a +0 pair of gloves of infusion
 V - +4 steam dragon scales (worn)
Jewellery
 b - a +6 ring of dexterity
 f - the ring "Hacrat" {Drain rF++ AC+4}
   (You bought it in a shop on level 2 of the Orcish Mines)

   [ring of protection]

   AC:        It affects your AC (+4).
   rF:        It greatly protects you from fire.
   Drain:     It drains your maximum health when unequipped.
 h - the amulet of the Heavens (around neck) {Spirit Fly rF+ Dex+2}
   (You found it on level 4 of the Dungeon)

   [amulet of guardian spirit]

   It causes incoming damage to be divided between your reserves of health and
   magic.
   Dex:       It affects your dexterity (+2).
   rF:        It protects you from fire.
   Fly:       It grants you flight.
 m - a ring of protection from cold (left hand)
 r - a ring of wizardry
 x - a ring of wizardry
 B - a ring of protection from fire
 I - an amulet of magic regeneration
 J - a ring of poison resistance
 P - an amulet of reflection
 U - a ring of fire
 W - a ring of positive energy
 Y - a +6 ring of dexterity (right hand)
Wands
 e - a wand of acid (27)
 s - a wand of polymorph (9)
 t - a wand of mindburst (17)
 y - a wand of charming (15)
 H - a wand of roots (29)
 L - a wand of digging (3)
 O - a wand of flame (22)
Scrolls
 c - 8 scrolls of fog
 g - 5 scrolls of teleportation
 l - 5 scrolls of magic mapping
 n - 3 scrolls of amnesia
 p - a scroll of torment
 q - 7 scrolls of identify
 C - 9 scrolls of immolation
 D - 3 scrolls of enchant weapon
 E - 3 scrolls of poison
 M - 5 scrolls of vulnerability
 N - 2 scrolls of brand weapon
 Q - a scroll of silence
Potions
 d - 2 potions of heal wounds
 i - 14 potions of curing
 o - 2 potions of lignification
 u - 9 potions of mutation
 v - 9 potions of might
 w - a potion of haste
 z - 4 potions of brilliance
 F - 6 potions of attraction
 G - 3 potions of cancellation


   Skills:
 - Level 5.0 Fighting
 + Level 14.6 Long Blades
 - Level 15.0 Dodging
 - Level 1.7 Stealth
 - Level 5.0 Spellcasting
 - Level 2.0 Hexes
 + Level 18.2 Summonings
 + Level 11.2 Necromancy
 - Level 10.0 Invocations


You couldn't memorise any spells.
You knew the following spells:

 Your Spells              Type           Power      Damage    Failure   Level
a - Haunt                 Necr/Summ      33%        N/A       19%         7
c - Call Canine Familiar  Summ           75%        N/A       0%          3
d - Summon Guardian Gole  Hex/Summ       53%        N/A       1%          3
e - Summon Ice Beast      Ice/Summ       49%        N/A       1%          4
f - Summon Lightning Spi  Summ/Air       49%        N/A       1%          4
g - Animate Dead          Necr           56%        N/A       1%          4

Your spell library contained the following spells:

 Spells                   Type           Power      Damage    Failure   Level
 Summon Small Mammal      Summ           100%       N/A       0%          1
 Call Imp                 Summ           75%        N/A       0%          2
 Anguish                  Hex/Necr       18%        N/A       6%          4
 Apportation              Tloc           12%        N/A       9%          1
 Foxfire                  Conj/Fire      24%        2x1d5     9%          1
 Magic Dart               Conj           24%        1d4       9%          1
 Confusing Touch          Hex            15%        N/A       12%         3
 Tukima's Dance           Hex            15%        N/A       12%         3
 Poisonous Vapours        Pois/Air       12%        N/A       13%         2
 Searing Ray              Conj           12%        2d4       13%         2
 Inner Flame              Hex/Fire       10%        N/A       17%         3
 Portal Projectile        Hex/Tloc       20%        N/A       17%         3
 Corpse Rot               Necr/Pois/Air  24%        N/A       19%         4
 Conjure Flame            Conj/Fire      6%         6-21      26%         3
 Frozen Ramparts          Ice            12%        1d2       26%         3
 Gell's Gravitas          Tloc           6%         N/A       26%         3
 Ozocubu's Armour         Ice            6%         N/A       26%         3
 Spider Form              Tmut/Pois      6%         N/A       26%         3
 Teleport Other           Tloc           6%         N/A       26%         3
 Fulminant Prism          Conj/Hex       5%         3d7       50%         4
 Leda's Liquefaction      Hex/Erth       5%         N/A       50%         4
 Flame Wave               Conj/Fire      6%         2d5       65%         4
 Ice Form                 Ice/Tmut       6%         N/A       65%         4
 Passage of Golubria      Tloc           6%         N/A       65%         4
 Simulacrum               Ice/Necr       16%        N/A       80%         6
 Metabolic Englaciation   Hex/Ice        5%         N/A       85%         5
 Yara's Violent Unravell  Hex/Tmut       5%         3d4       85%         5
 Alistair's Intoxication  Tmut/Pois      4%         N/A       94%         5
 Blade Hands              Tmut           3%         N/A       94%         5
 Infestation              Necr           28%        N/A       99%         8
 Dispersal                Tloc           3%         N/A       100%        6
 Eringya's Noxious Bog    Tmut/Pois      3%         N/A       100%        6
 Enfeeble                 Hex            7%         N/A       100%        7


Dungeon Overview and Level Annotations

Branches:
Dungeon (15/15)            Temple (1/1) D:5            Lair (5/5) D:8
 Shoals (0/4) Lair:2        Snake (4/4) Lair:3        Slime (0/5) Lair:4
    Orc (2/2) D:9             Elf (0/3) Orc:2        Vaults (0/5) D:13
 Depths (0/4) D:15        Ossuary (visited)

Altars:
Ashenzari
Cheibriados
Dithmenos
Fedhas
Gozag
Hepliaklqana
Kikubaaqudgha
Makhleb
Nemelex Xobeh
Okawaru
Qazlal
Ru
Sif Muna
Trog
Uskayaw
Vehumet
Wu Jian
Xom
Yredelemnul
Jiyva

Shops:
D:6 (:!?   D:12 !   Orc:2 *[=(

Annotations:
D:7 2 transporters, groovy9's ghost, novice DECj
D:15 exclusion: 2 ice statues, Jorgrun
Snake:1 3 runed translucent doors, Akuuror's ghost, adept GrFi


Innate Abilities, Weirdness & Mutations

Your life essence is reduced to manifest your ancestor. (-10% HP)
You have a pair of large antennae on your head. (SInv)
You are partially covered in slimy green scales. (AC +2)
You regenerate health from kills.
A meltable shield of frost defends you. (SH +4)


Message History

The bolt of electricity hits you!! x2
* * * LOW HITPOINT WARNING * * *
Friend misses the guardian serpent.
Okay, then.
You are too injured to fight recklessly!
Casting: Haunt (quite dangerous; 19% risk of failure)
Confirm with . or Enter, or press ? or * to list all spells.
The shock serpent shoots out a bolt of lightning at you!
The bolt of electricity is repelled.
The bolt of electricity hits you.
* * * LOW HITPOINT WARNING * * *
Friend hits the guardian serpent with a +0 quarterstaff!!
Something hits your wraith but does no damage.
You feel much better.
The shock serpent shoots out a bolt of lightning at you!
The bolt of electricity misses you. The bolt of electricity hits you!
The salamander shoots an arrow.
The arrow completely misses you.
The guardian serpent coils itself and waves its upper body at you.
The salamander tyrant blinks!
The salamander blinks!
The naga sharpshooter blinks into view!
Your warg bites the salamander tyrant but does no damage.
The shock serpent bites you but does no damage.
As you read the scroll of teleportation, it crumbles to dust.
You feel strangely unstable. The shock serpent barely misses you.
The salamander unwields a +0 shortbow of flaming.
It stops flaming.
You block the salamander's attack.
Your warg bites the salamander tyrant but does no damage.
The salamander tyrant closely misses you.
The naga sharpshooter unwields a +0 hand axe.
The naga sharpshooter wields a +0 arbalest.
The naga sharpshooter shoots a bolt.
The bolt misses you.
As you read the scroll of fog, it crumbles to dust.
The scroll dissolves into smoke.
The shock serpent bites you!
* * * LOW HITPOINT WARNING * * *
The shock serpent shocks you!
* * * LOW HITPOINT WARNING * * *
Your warg barely misses the salamander tyrant.
You block the salamander's attack.
The shock serpent shoots out a bolt of lightning at you!
The bolt of electricity hits you!
You die...

# #....8##.....## ..
#.†.hh####.8## #
#.......##...####
#.....).#.......##.. ..
##.....(.#.........(. #'#
##.....)..##...#..#..##...
##.....)....##§##### .#...
.............#§N#####.'..
.............#.§@SS#..#
.............##N§N§.R§##
.########.....####h.§..#
.R......#........###☼§°W...
.#......#..........##...N..
.#......#...........##..#.W
.#......#............#### #
.#).....#.........##....#
.#'######.........#####.#


You could see a naga sharpshooter (slow), a salamander tyrant, a salamander, a
shock serpent (ally target), a guardian serpent and a friendly warg (summoned).

Vanquished Creatures
  Agnes (Snake:3)
  A vault guard (D:13)
  The ghost of Iamsock the Fighter, a journeyman GnWn of Trog (Orc:1)
  2 nameless horrors
  A boulder beetle (D:12)
  8 anacondas
  A centaur warrior (D:15)
  3 two-headed ogres
  A naga warrior (Snake:4)
  A naga sharpshooter (Snake:4)
  A deep troll (Orc:1)
  A naga ritualist (Snake:3)
  A deep elf pyromancer (D:14)
  2 orc knights
  2 mana vipers
  3 ugly things
  3 orc sorcerers
  A moth of wrath (Orc:1)
  2 naga magi
  2 salamanders
  19 black mambas
  A guardian serpent (Snake:4)
  A gargoyle (D:12)
  7 cane toads (Lair:5)
  A rime drake (Lair:4)
  2 komodo dragons
  A kobold demonologist (D:14)
  An efreet (D:15)
  A meliai (D:15)
  9 trolls
  4 slime creatures
  6 blink frogs (Lair:5)
  A fire dragon zombie (D:15)
  Sigmund (D:3)
  2 humans (D:13)
  4 basilisks
  8 yaks
  Menkaure (D:6)
  A steam dragon (D:9)
  2 vampire mosquitoes (D:14)
  5 nagas
  A warg (D:15)
  5 water moccasins
  8 orc warriors
  A human zombie (Orc:1)
  A sky beast (D:8)
  3 ogres (Orc:2)
  3 centaurs
  4 phantoms
  A lemure (D:6)
  10 bullfrogs
  2 kobold brigands
  A necrophage (D:4)
  A scorpion (D:5)
  4 wights
  2 killer bees (D:8)
  An electric eel (Lair:5)
  5 howler monkeys
  9 orc priests
  A hound (D:4)
  4 iguanas
  5 jellies
  Jessica (D:3)
  Ijyb (D:3)
  Natasha (D:3)
  8 orc wizards
  A hell rat (Lair:4)
  2 mummies (Ossuary)
  Robin (D:2)
  7 adders
  2 shadow imps (D:5)
  2 white imps
  An ufetubus (D:5)
  A dart slug (D:3)
  21 orcs
  4 endoplasms
  A giant cockroach (D:2)
  2 gnoll zombies (Ossuary)
  4 goblins
  5 hobgoblins
  4 jackals (D:2)
  12 kobolds
  4 ball pythons
  A bat (D:2)
  5 frilled lizards (D:2)
  2 goblin zombies (Ossuary)
  An orc zombie (Orc:1)
  5 rats
287 creatures vanquished.

Vanquished Creatures (collateral kills)
  Bai Suzhen (Snake:3)
  A frost giant (D:12)
  A fire dragon (D:15)
  Harold (Orc:1)
  3 hydras
  2 salamander tyrants
  A catoblepas (D:8)
  An ice dragon (D:15)
  5 vault guards (D:13)
  4 boulder beetles
  9 naga warriors
  3 centaur warriors (D:14)
  A nameless horror (Snake:3)
  5 anacondas
  A two-headed ogre (D:11)
  3 orc high priests (Orc:2)
  A shock serpent (Snake:1)
  6 naga sharpshooters
  3 skeletal warriors (D:13)
  2 salamander mystics (Snake:4)
  3 naga ritualists
  Pikel (D:6)
  7 orc knights
  A wizard (D:15)
  A harpy (D:15)
  8 mana vipers
  A lindwurm (Lair:2)
  3 orc sorcerers (Orc:2)
  An ugly thing (D:14)
  An oklob plant (Lair:3)
  3 manticores
  13 salamanders
  3 cyclopes
  3 elephants (Lair:4)
  24 black mambas
  6 guardian serpents
  A torpor snail (Lair:4)
  6 naga magi
  13 cane toads
  A komodo dragon (D:11)
  An unseen horror (D:11)
  A tengu conjurer (D:14)
  4 trolls
  3 tyrant leeches (Lair:5)
  A wind drake (Lair:2)
  12 slime creatures
  3 blink frogs (Lair:5)
  Grinder (D:3)
  2 shadows
  2 wyverns
  A fire bat (shapeshifter) (D:14)
  A vampire (D:10)
  2 humans (D:13)
  A wraith (D:12)
  52 yaks
  A basilisk (D:15)
  12 vampire mosquitoes
  2 steam dragons
  Edmund (D:4)
  A warg (Orc:2)
  4 acid dragons
  21 nagas
  3 water moccasins
  A black bear (D:8)
  24 orc warriors
  2 sky beasts (D:8)
  6 ogres
  3 wolves (Lair:3)
  A centaur (D:8)
  2 kobold brigands
  5 bullfrogs
  8 wights
  4 killer bees (D:8)
  4 electric eels
  A lava snake (Lair:1)
  2 howler monkeys
  3 centaur zombies (Ossuary)
  A gnoll bouda (D:6)
  8 jellies (Lair:4)
  10 orc priests
  Natasha (twice) (D:3)
  An iguana (D:6)
  18 orc wizards
  4 hell rats (Lair:4)
  A mummy (Ossuary)
  5 gnolls
  2 adders
  A white imp (D:6)
  A worm (D:3)
  2 dart slugs (D:4)
  57 orcs
  5 ball pythons
  21 endoplasms
  6 giant cockroaches
  10 goblins
  8 hobgoblins
  8 jackals
  3 quokkas
  2 bats
  A frilled lizard (D:1)
  12 kobolds
  A kobold zombie (Ossuary)
  2 rats
  3 bushes (Lair:3)
547 creatures vanquished.

Vanquished Creatures (others)
  A nagaraja (Snake:2)
  Snorg (Lair:5)
  An ettin (Orc:1)
  3 hydras
  A centaur warrior (D:8)
  A naga warrior (Snake:4)
  2 naga ritualists (Snake:3)
  An ugly thing zombie (D:15)
  A lindwurm (Lair:5)
  An orc knight (Orc:2)
  A naga mage (Snake:4)
  A rime drake (Lair:5)
  A tengu conjurer (D:14)
  A tyrant leech (Lair:5)
  A mana viper zombie (Snake:3)
  A human zombie (D:13)
  A blink frog (Lair:5)
  2 black mamba zombies (Snake:3)
  2 humans (D:13)
  8 yaks
  A basilisk (Lair:1)
  2 nagas
  An orc warrior (Orc:2)
  A centaur (D:7)
  A wight (D:10)
  A troll zombie (Orc:1)
  A warg zombie (Orc:2)
  A naga zombie (Snake:3)
  A hell rat (Lair:4)
  3 ogre zombies (Orc:2)
  39 battlemagi
  An ancestor (D:6)
  2 gnolls (D:6)
  2 orcs (Orc:2)
  35 orc zombies
  33 fungi
  101 plants
  2 withered plants
260 creatures vanquished.

Grand Total: 1094 creatures vanquished

Notes
Turn   | Place    | Note
-------+----------+-------------------------------------------
     0 | D:1      | RogueRain17 the Demonspawn Summoner began the quest for the
                  | Orb.
     0 | D:1      | Reached XP level 1. HP: 13/13 MP: 3/3
   103 | D:1      | Gained mutation: You regenerate a little health from kills.
                  | [demonic ancestry]
   103 | D:1      | Reached XP level 2. HP: 19/19 MP: 0/5
   221 | D:1      | Learned a level 2 spell: Call Imp
   627 | D:1      | Found a faded altar of an unknown god.
   872 | D:1      | Reached skill level 5 in Summonings
   875 | D:1      | Reached XP level 3. HP: 24/24 MP: 3/6
   879 | D:1      | Learned a level 3 spell: Call Canine Familiar
  1321 | D:2      | Identified the +9 long sword of Piasaox {flame, rPois
                  | Stlth+}
  1502 | D:2      | Noticed Robin
  1508 | D:2      | Killed Robin
  1570 | D:2      | Gained mutation: You regenerate health from kills. [demonic
                  | ancestry]
  1570 | D:2      | Reached XP level 4. HP: 30/30 MP: 7/7
  2233 | D:3      | Found a burning altar of Makhleb.
  2235 | D:3      | Noticed Ijyb
  2243 | D:3      | Reached skill level 1 in Long Blades
  2243 | D:3      | Killed Ijyb
  2280 | D:3      | Noticed Grinder
  2293 | D:3      | Paralysed by Grinder for 4 turns
  2308 | D:3      | Killed Grinder
  2309 | D:3      | Reached skill level 6 in Summonings
  2309 | D:3      | Reached XP level 5. HP: 35/35 MP: 2/8
  2309 | D:3      | Reached XP level 6. HP: 41/41 MP: 2/9
  2795 | D:3      | Noticed Natasha
  2798 | D:3      | Noticed Jessica
  2799 | D:3      | Killed Natasha
  2800 | D:3      | Noticed Sigmund
  2816 | D:3      | Killed Sigmund
  2817 | D:3      | Reached skill level 7 in Summonings
  2817 | D:3      | Reached XP level 7. HP: 46/46 MP: 5/10
  2825 | D:3      | Killed Jessica
  3202 | D:3      | Noticed Natasha
  3217 | D:3      | Killed Natasha
  3351 | D:3      | Noticed Natasha
  3361 | D:3      | Killed Natasha
  3546 | D:4      | Noticed Edmund
  3573 | D:4      | Killed Edmund
  3574 | D:4      | Reached skill level 8 in Summonings
  3590 | D:4      | Identified the amulet of the Heavens {Spirit Fly rF+ Dex+2}
  3663 | D:4      | Reached skill level 5 in Long Blades
  3955 | D:4      | Reached XP level 8. HP: 52/52 MP: 8/11
  4160 | D:5      | Entered Level 5 of the Dungeon
  4367 | D:5      | Found a staircase to the Ecumenical Temple.
  4398 | Temple   | Entered the Ecumenical Temple
  4609 | Temple   | Became a worshipper of Hepliaklqana the Forgotten
  5103 | D:6      | Reached skill level 9 in Summonings
  5186 | D:6      | Learned a level 3 spell: Summon Guardian Golem
  5438 | D:6      | Found a sand-covered staircase.
  5441 | D:6      | Noticed Pikel
  5509 | D:6      | Reached * piety under Hepliaklqana
  5514 | Ossuary  | Entered an ossuary
  5742 | D:6      | Found Luadoh's Antique Weapon Shop.
  5932 | D:6      | Found Wucu's Distillery.
  5942 | D:6      | Bought a potion of curing for 36 gold pieces
  5942 | D:6      | Bought a potion of resistance for 120 gold pieces
  5942 | D:6      | Bought a potion of heal wounds for 60 gold pieces
  6012 | D:6      | Killed Pikel
  6013 | D:6      | Reached skill level 10 in Summonings
  6013 | D:6      | Reached XP level 9. HP: 49/51 MP: 5/12
  6096 | D:6      | Found Jixkur's Magic Scroll Emporium.
  6261 | D:6      | Found Pyruo's Book Shoppe.
  6269 | D:6      | Noticed Menkaure
  6272 | D:6      | Killed Menkaure
  6785 | D:7      | Found a transporter.
  6789 | D:7      | Noticed groovy9's ghost (novice DECj)
  6792 | D:7      | Noticed a moth of wrath
  6805 | D:7      | Found a transporter.
  7018 | D:7      | Found a blossoming altar of Fedhas.
  7261 | D:7      | Reached ** piety under Hepliaklqana
  7262 | D:7      | Remembered your ancestor Friend as a battlemage
  7888 | D:8      | Reached XP level 10. HP: 55/56 MP: 13/13
  7897 | D:8      | Found a staircase to the Lair.
  7916 | D:8      | Reached skill level 11 in Summonings
  8308 | D:8      | Reached skill level 5 in Dodging
  8506 | D:8      | Noticed a catoblepas
  8506 | D:8      | Noticed a centaur warrior
  8514 | D:8      | Noticed a boulder beetle
  8533 | D:8      | Noticed a manticore
  8534 | D:8      | Killed a centaur warrior
  8540 | D:8      | Killed a manticore
  8685 | D:8      | Killed a catoblepas
  8697 | D:8      | Killed a boulder beetle
  8698 | D:8      | Reached skill level 12 in Summonings
  8917 | D:8      | Gained mutation: You have a pair of small antennae on your
                  | head. [demonic ancestry]
  8917 | D:8      | Reached XP level 11. HP: 61/61 MP: 6/14
  9079 | D:8      | Learned a level 4 spell: Summon Ice Beast
  9161 | Lair:1   | Entered Level 1 of the Lair of Beasts
  9183 | Lair:1   | Noticed a five-headed hydra
  9190 | Lair:1   | Killed a four-headed hydra
  9248 | Lair:1   | Reached skill level 10 in Long Blades
  9544 | Lair:1   | Reached *** piety under Hepliaklqana
 10543 | Lair:2   | HP: 2/61 [wind drake/the air (19)]
 10927 | Lair:2   | Noticed a lindwurm
 10936 | Lair:2   | Killed a lindwurm
 10994 | Lair:2   | Found a staircase to the Shoals.
 11068 | Lair:2   | Reached skill level 13 in Summonings
 11130 | Lair:2   | Noticed a boulder beetle
 11144 | Lair:2   | Killed a boulder beetle
 11245 | Lair:2   | Noticed a four-headed hydra
 11251 | Lair:2   | Killed a four-headed hydra
 12175 | Lair:3   | Reached **** piety under Hepliaklqana
 12231 | Lair:3   | Found a staircase to the Snake Pit.
 12422 | Lair:3   | Gained mutation: A meltable shield of frost defends you.
                  | (SH +4) [demonic ancestry]
 12422 | Lair:3   | Reached XP level 12. HP: 63/66 MP: 6/15
 12526 | Lair:3   | Reached skill level 14 in Summonings
 13337 | Lair:4   | Reached skill level 1 in Fighting
 13337 | Lair:4   | Reached skill level 1 in Invocations
 13552 | Lair:4   | Noticed an eight-headed hydra
 13561 | Lair:4   | Killed an eight-headed hydra
 13562 | Lair:4   | Reached skill level 10 in Dodging
 13849 | Lair:4   | Reached skill level 5 in Invocations
 14224 | Lair:4   | Found a staircase to the Slime Pits.
 14225 | Lair:4   | Found a viscous altar of Jiyva.
 14971 | Lair:5   | Entered Level 5 of the Lair of Beasts
 14983 | Lair:5   | Reached skill level 5 in Spellcasting
 15029 | Lair:5   | Reached skill level 5 in Fighting
 15033 | Lair:5   | Noticed a six-headed hydra
 15044 | Lair:5   | Killed a six-headed hydra
 15047 | Lair:5   | Reached XP level 13. HP: 81/81 MP: 5/20
 15395 | Lair:5   | Reached skill level 10 in Invocations
 15894 | Lair:5   | Reached ***** piety under Hepliaklqana
 16107 | Lair:5   | Noticed Snorg
 16118 | Lair:5   | Killed Snorg
 17464 | D:9      | Found a staircase to the Orcish Mines.
 17497 | D:9      | Reached skill level 15 in Summonings
 18007 | D:10     | Entered Level 10 of the Dungeon
 18649 | D:10     | Found a shimmering blue altar of Sif Muna.
 18676 | D:10     | Found a hide-covered altar of Uskayaw.
 18916 | D:10     | Found a basalt altar of Yredelemnul.
 19095 | D:10     | Found a sparkling altar of Nemelex Xobeh.
 19097 | D:10     | Found an ancient bone altar of Kikubaaqudgha.
 19186 | D:10     | Found a snail-covered altar of Cheibriados.
 19429 | D:10     | Found a bloodstained altar of Trog.
 20250 | D:12     | Gained mutation: You have a pair of antennae on your head.
                  | [demonic ancestry]
 20250 | D:12     | Reached XP level 14. HP: 88/88 MP: 0/21
 21005 | D:12     | Found Zeedios's Distillery.
 21097 | D:12     | Noticed a frost giant
 21115 | D:12     | Killed a frost giant
 21500 | D:12     | Learned a level 4 spell: Summon Lightning Spire
 21505 | D:12     | Learned a level 4 spell: Animate Dead
 21694 | D:13     | Identified a scroll of acquirement
 21697 | D:13     | Acquired 658 gold pieces
 21769 | D:13     | Reached skill level 1 in Necromancy
 22445 | D:13     | Reached skill level 16 in Summonings
 23355 | D:13     | Found a gate to the Vaults.
 24456 | D:14     | Reached skill level 5 in Necromancy
 24864 | D:15     | Entered Level 15 of the Dungeon
 25230 | D:15     | Found a staircase to the Depths.
 25425 | D:15     | Found a frozen archway.
 25753 | D:15     | Noticed Jorgrun
 26107 | Orc:1    | Entered Level 1 of the Orcish Mines
 26112 | Orc:1    | Noticed Harold
 26329 | Orc:1    | Killed Harold
 26482 | Orc:1    | Found a transporter.
 26488 | Orc:1    | Found a transporter.
 26874 | Orc:1    | Found a bloodstained altar of Trog.
 26874 | Orc:1    | Noticed Iamsock's ghost (journeyman GnWn)
 26943 | Orc:1    | Your ally Harold died
 26944 | Orc:1    | Gained mutation: You have a pair of large antennae on your
                  | head. (SInv) [demonic ancestry]
 26944 | Orc:1    | Reached XP level 15. HP: 84/92 MP: 20/22
 26947 | Orc:1    | Killed Iamsock's ghost
 27063 | Orc:2    | Entered Level 2 of the Orcish Mines
 27261 | Orc:2    | Found a staircase to the Elven Halls.
 27343 | Orc:2    | Reached skill level 17 in Summonings
 27770 | Orc:2    | Reached skill level 1 in Hexes
 28116 | Orc:2    | Found Kanwiopoyl's Jewellery Shoppe.
 28116 | Orc:2    | Found Zeijui's Antique Weapon Boutique.
 28118 | Orc:2    | Found Olihi's Antique Armour Boutique.
 28118 | Orc:2    | Found Xuciq's General Store.
 28334 | Orc:2    | Bought the ring "Hacrat" {Drain rF++ AC+4} for 823 gold
                  | pieces
 28722 | Snake:1  | Entered Level 1 of the Snake Pit
 29618 | Snake:1  | Found a runed translucent gate.
 29618 | Snake:1  | Found a runed translucent gate.
 29618 | Snake:1  | Found a runed translucent gate.
 29623 | Snake:1  | Noticed Akuuror's ghost (adept GrFi)
 29700 | Snake:1  | Got Miclila's Atlas of Permutations and Hexing
 30430 | Snake:2  | Noticed a nagaraja
 30440 | Snake:2  | Killed a nagaraja
 31665 | Snake:3  | Gained mutation: You are partially covered in slimy green
                  | scales. (AC +2) [demonic ancestry]
 31665 | Snake:3  | Reached XP level 16. HP: 82/98 MP: 18/23
 31674 | Snake:3  | Learned a level 7 spell: Haunt
 31966 | Snake:3  | Noticed Bai Suzhen
 31981 | Snake:3  | Killed Bai Suzhen
 31994 | Snake:3  | Reached skill level 10 in Necromancy
 31994 | Snake:3  | Noticed Agnes
 32015 | Snake:3  | Killed Agnes
 33946 | Snake:4  | Entered Level 4 of the Snake Pit
 34149 | Snake:4  | Reached skill level 15 in Dodging
 34583 | Snake:4  | Reached skill level 18 in Summonings
 34966 | Snake:4  | Identified the +2 leather armour "Jimnozxupe" {rElec rF+
                  | Dex-2 SInv}
 36105 | Snake:4  | Killed from afar by a shock serpent

Illustrated notes

Levels and vault maps discovered:
D:1:      lightli_arrival_boilingwater, layout_loops_ring,
          chequers_ecumenical_altar_simple, minmay_heptomino_l4
D:2:      layout_loops_ring, lemuel_flame_loot_1, uniq_robin
D:3:      layout_basic, bloody_makhleb, uniq_sigmund, uniq_jessica,
          uniq_grinder, uniq_ijyb, uniq_natasha
D:4:      layout_cave_pools, uniq_edmund
D:5:      layout_gridville, minmay_temple_entry_hall
D:6:      layout_layer_cave, serial_shops, kennysheep_little_box,
          nicolae_stop_n_shop_1, shop, shop, nicolae_ossuary_entry_ruins,
          uniq_menkaure, uniq_pikel
D:7:      layout_rooms, mainiacjoe_overflow_catwalk_spiral,
          gammafunk_ghost_berserking_beasts, minmay_misc_feat_encased,
          uniq_crazy_yiuf_cottage
D:8:      minmay_chambers_of_sevens, layout_rooms, lair_entry_dummy,
          hangedman_decor_lopped, minmay_crystal_room
D:9:      layout_loops_ring, david_orc_5, chequers_serial_rivers_micro_a,
          st_stairs_12
D:10:     layout_long_grid, trog_antimagical, yredelemnul_altar_generic,
          mainiacjoe_overflow_two_lobes, nicolae_overflow_hidden_temple,
          kennysheep_nub
D:11:     layout_rooms
D:12:     layout_irregular_city, serial_shops, nicolae_shop_statue_plus,
          minmay_three_doors
D:13:     layout_long_grid, ximxim_vaults_locker_room
D:14:     layout_irregular_city
D:15:     grunt_enter_depths_hoard, layout_loops_ring,
          portal_ice_cave_entry_ice_statue_two, hangedman_abyss_or_decor_clamps,
          serial_bayou_pond_c, argonaut_gorgonesque, uniq_jorgrun
Temple:   minmay_temple_bridge_abc
Lair:1:   layout_gridlike, serial_bayou_shore_a, grunt_megastairs_5
Lair:2:   layout_long_grid, minmay_shoals_entry_beasts,
          chequers_serial_rivers_micro_b, lemuel_fruit_tree
Lair:3:   layout_roguey, minmay_snake_entry_spellcaster,
          minmay_lair_oklob_bushes, fungi_pond_lemuel,
          chequers_serial_rivers_marsh
Lair:4:   lemuel_slime, layout_big_grid, nicolae_slime_entry_slimehenge,
          grunt_megastairs_1
Lair:5:   minmay_lair_end_frog_pond, layout_regular_city,
          infiniplex_staircase_pool_2, uniq_snorg
Snake:1:  layout_gridlike, gammafunk_ghost_necromancy, serial_bayou_shore_b
Snake:2:  layout_misc_corridors, basic_altar
Snake:3:  layout_chambers, nicolae_integral_box, uniq_bai_suzhen, uniq_agnes
Snake:4:  hellmonk_snake_rune_quicksilver_temple, layout_cave_town
Orc:1:    layout_caves, gammafunk_ghost_wrathful_warriors, basic_altar,
          nicolae_orc_damp_corner, mines4_lemuel, uniq_harold
Orc:2:    grunt_orc_tribal_feast, layout_diamond_mine, rock_pile

Skill      XL: |  1  2  3  4  5  6  7  8  9 10 11 12 13 14 15 16 |
---------------+-------------------------------------------------+-----
Summonings     | 5 6 7 8 10 12 13 14 15 16 17 18 | 18.2
Long Blades    | 2 3 5 7 8 9 10 12 14 | 14.6
Dodging        | 4 6 9 10 11 13 14 15 | 15.0
Fighting       | 5 |  5.0
Invocations    | 7 10 | 10.0
Spellcasting   | 5 |  5.0
Necromancy     | 6 9 11 | 11.2
Hexes          | 2 |  2.0
Stealth        | |  1.7

Action                   |  1- 3 |  4- 6 |  7- 9 | 10-12 | 13-15 | 16-18 || total
-------------------------+-------+-------+-------+-------+-------+-------++-------
Melee: Unarmed           |    13 |       |    11 |       |       |       ||    24
       Long sword        |    14 |    53 |   133 |   123 |   421 |   139 ||   883
       Punch             |       |     2 |     1 |       |     4 |     1 ||     8
 Cast: Summon Small Mamm |    17 |     4 |     5 |     5 |     6 |       ||    37
       Call Imp          |    18 |     5 |    23 |    22 |    20 |       ||    88
       Call Canine Famil |     3 |     6 |    27 |    39 |    82 |     5 ||   162
       Summon Guardian G |       |       |     6 |    44 |    61 |     5 ||   116
       Summon Ice Beast  |       |       |       |    23 |    82 |     7 ||   112
       Summon Lightning  |       |       |       |       |    35 |     2 ||    37
       Animate Dead      |       |       |       |       |    19 |     2 ||    21
       Haunt             |       |       |       |       |       |    32 ||    32
Invok: Recall Ancestor   |       |       |     1 |       |     3 |     1 ||     5
       Ancestor Identity |       |       |     1 |       |       |       ||     1
       Ancestor Life: Ba |       |       |     1 |       |       |       ||     1
       Idealise          |       |       |       |       |    11 |     6 ||    17
       Transference      |       |       |       |       |     2 |     1 ||     3
Evoke: Wand              |       |     2 |     5 |       |    10 |       ||    17
  Use: Potion            |       |       |     1 |     2 |     9 |     5 ||    17
       Scroll            |       |       |    17 |     6 |    23 |     6 ||    52
 Stab: Sleeping          |     1 |     3 |     8 |     1 |     6 |     1 ||    20
       Distracted        |       |       |     3 |     1 |    11 |     5 ||    20
       Invisible         |       |       |       |       |     1 |       ||     1
       Petrified         |       |       |       |       |     5 |       ||     5
Armor: Robe              |    11 |    17 |     6 |    18 |     5 |       ||    57
       Skin              |       |       |     4 |       |       |       ||     4
       Steam dragon scal |       |       |       |       |    57 |    21 ||    78
Dodge: Dodged            |    26 |    50 |    75 |    98 |   360 |   162 ||   771
       Repelled          |       |       |       |     4 |     9 |     9 ||    22
Block: Other             |       |       |       |     5 |    73 |    26 ||   104
